Map: Dusk Towers

Players

uThermal - Winner!

  • Race: Terran Terran
  • League: Grandmaster

Jonic

  • Race: Protoss Protoss
  • League: Master

Event: DreamHack ZOWIE Open Leipzig

VOD

Have the link to the VOD?

Description

Time

  • Played on: Jan. 22, 2016, 7:23 a.m.
  • Length: 10:56

All games in this series

Show
View Real Time Build Order
Export as new Build Order

uThermal Terran - Winner!

Build Orders: Bio Tank 

Get SALT Encoding   

  12  0:01  SCV  
  13  0:13  SCV  
  14  0:18  Supply Depot  
  14  0:25  SCV  
  15  0:39  SCV  
  15  0:41  Barracks  
  16  0:44  Refinery  
  16  0:51  SCV  
  17  1:03  SCV  
  18  1:16  SCV  
  19  1:28  Barracks Reactor  
  19  1:29  Orbital Command  
  19  1:42  Command Center  
  19  1:51  Supply Depot  
  19  1:54  SCV  
  20  2:06  Marine x2  
  20  2:08  SCV  
  23  2:13  Factory  
  23  2:20  SCV, Refinery  
  24  2:25  Marine x2  
  26  2:32  SCV  
  27  2:44  SCV, Marine x2  
  30  2:54  Orbital Command  
  30  2:56  SCV  
  31  2:59  Starport  
  31  3:00  Factory Tech Lab  
  31  3:03  Marine  
  31  3:06  Marine  
  31  3:09  SCV  
  33  3:21  SCV x2  
  33  3:24  Cyclone  
  38  3:28  Marine x2  
  38  3:33  SCV  
  38  3:34  Supply Depot  
  41  3:36  SCV  
  42  3:43  Engineering Bay  
  42  3:45  SCV  
  43  3:49  Marine x2  
  46  3:55  SCV  
  46  3:56  Cyclone  
  46  3:57  SCV  
  46  4:01  Supply Depot  
  50  4:07  SCV  
  50  4:08  Liberator  
  50  4:09  SCV  
  52  4:10  Marine x2  
  49  4:26  Missile Turret  
  49  4:27  SCV  
  49  4:28  Missile Turret, Marine x2  
  52  4:32  SCV  
  53  4:39  SCV  
  53  4:45  SCV, Marine x2  
  55  4:47  Cyclone  
  55  4:51  SCV  
  59  4:57  SCV  
  57  5:02  Barracks  
  57  5:03  SCV, Marine, Barracks, Liberator  
  59  5:09  SCV  
  59  5:11  Supply Depot  
  59  5:12  Refinery, Marine  
  62  5:21  Marine  
  62  5:27  SCV  
  62  5:28  SCV  
  60  5:29  Refinery  
  60  5:30  Marine  
  61  5:39  Marine  
  61  5:40  SCV x2  
  64  5:43  Command Center  
  64  5:47  Siege Tank  
  64  5:48  Marine  
  64  5:49  Supply Depot  
  68  5:51  Barracks Tech Lab x2  
  68  5:52  SCV  
  69  5:59  Terran Infantry Weapons Level 1, SCV  
  70  6:08  Missile Turret  
  70  6:10  Supply Depot, Stimpack  
  70  6:11  SCV, Marine x3  
  74  6:12  SCV  
  75  6:23  SCV, Supply Depot  
  75  6:25  SCV  
  77  6:29  Marine  
  77  6:31  Siege Tank  
  81  6:33  Combat Shields  
  81  6:35  SCV, Starport Reactor  
  81  6:37  Supply Depot, SCV  
  83  6:41  Marine x2  
  83  6:46  Supply Depot  
  85  6:47  SCV  
  85  6:49  Marine  
  87  7:00  SCV x2, Barracks  
  86  7:01  Marine  
  86  7:02  Marine  
  86  7:04  Barracks  
  86  7:07  Siege Tank  
  88  7:12  SCV x2, Marine  
  91  7:17  Medivac  
  91  7:19  Medivac  
  94  7:24  SCV, Marine  
  94  7:28  Orbital Command  
  93  7:30  Marine x2  
  93  7:32  SCV  
  96  7:39  Siege Tank  
  96  7:40  Marine  
  100  7:48  Supply Depot, Bunker, Marine  
  100  7:49  Supply Depot, Barracks Reactor  
  100  7:51  Barracks Reactor  
  101  7:52  Medivac  
  101  7:53  Terran Infantry Armor Level 1  
  101  7:54  Medivac  
  101  7:56  Marine x2  
  107  8:00  Supply Depot  
  107  8:02  Supply Depot x2, Marine  
  108  8:06  Marine  
  108  8:11  Siege Tank  
  111  8:13  Marine  
  111  8:14  Marine  
  113  8:20  Marine  
  113  8:22  Supply Depot  
  113  8:24  Marine  
  113  8:26  Marine x2  
  117  8:27  Barracks  
  117  8:28  Barracks x2, Marine  
  117  8:29  Marine  
  117  8:31  Marine x2  
  121  8:38  Marine  
  121  8:39  Supply Depot x2  
  122  8:42  Marine  
  122  8:43  Siege Tank  
  122  8:44  Armory, Marine x2  
  122  8:46  Marine  
  122  8:47  Marine  
  130  8:49  Medivac  
  130  8:50  Medivac  
  130  8:51  Marine x2  
  130  8:54  Supply Depot  
  136  8:55  Marine  
  136  8:57  Concussive Shells  
  136  9:00  Marine  
  136  9:02  Marine x2  
  140  9:04  Marine x2  
  140  9:08  Marine  
  143  9:10  Refinery  
  143  9:12  Marine  
  143  9:13  Marine  
  143  9:15  Siege Tank, Marine  
  149  9:17  Marine  
  149  9:19  Marine x2  
  149  9:20  Marine x2  
  149  9:22  Marine x2  
  156  9:26  Marine  
  156  9:29  Marine  
  158  9:31  Marine  
  158  9:33  Marine  
  158  9:35  Marine  
  158  9:36  Marine  
  158  9:37  Marine x2  
  158  9:38  Marine  
  164  9:41  Marine x2  
  164  9:44  Marine  
  167  9:47  Marine  
  167  9:48  Siege Tank  
  167  9:49  Marine  
  167  9:51  Marine  
  173  9:53  Marine  
  173  9:54  Marine  
  173  9:58  Marine  
  170  10:13  Marine  
  153  10:14  Marine  
  153  10:15  Marine x5  
  153  10:18  Marine  
  153  10:19  Marine x3  
  153  10:20  Siege Tank  
  136  10:30  Marine  
  136  10:32  Marine x2  
  136  10:33  Marine x4  
  136  10:35  Marine  
  136  10:37  Marine x3  
Show
View Real Time Build Order
Export as new Build Order

Jonic Protoss 

Build Orders: 1 Gate Expand, Oracle Opening 

Get SALT Encoding   

  12  0:01  Probe (Chrono Boost)  
  13  0:12  Probe (Chrono Boost)  
  14  0:17  Pylon  
  14  0:23  Probe (Chrono Boost)  
  15  0:35  Probe (Chrono Boost)  
  16  0:38  Gateway  
  16  0:46  Probe (Chrono Boost)  
  16  0:47  Assimilator  
  17  0:56  Probe (Chrono Boost)  
  18  1:07  Probe (Chrono Boost)  
  19  1:21  Nexus  
  19  1:31  Cybernetics Core  
  19  1:34  Probe (Chrono Boost)  
  20  1:40  Assimilator  
  20  1:45  Probe (Chrono Boost)  
  21  1:52  Pylon  
  21  1:55  Probe (Chrono Boost)  
  22  2:05  Probe (Chrono Boost)  
  23  2:09  Warp Gate  
  23  2:11  Adept (Chrono Boost)  
  25  2:17  Probe  
  26  2:24  Assimilator  
  26  2:29  Probe (Chrono Boost)  
  27  2:33  Probe (Chrono Boost)  
  28  2:41  Probe (Chrono Boost)  
  28  2:43  Probe (Chrono Boost)  
  31  2:51  Probe (Chrono Boost)  
  31  2:54  Probe (Chrono Boost)  
  32  3:00  Stargate x2  
  32  3:02  Probe (Chrono Boost)  
  32  3:04  Probe (Chrono Boost)  
  34  3:12  Probe (Chrono Boost)  
  35  3:14  Pylon  
  35  3:15  Probe (Chrono Boost)  
  36  3:23  Probe (Chrono Boost)  
  36  3:26  Probe (Chrono Boost)  
  38  3:29  Pylon  
  38  3:33  Probe (Chrono Boost)  
  39  3:36  Mothership Core (Chrono Boost)  
  41  3:44  Oracle x2 (Chrono Boost)  
  41  3:47  Probe, Assimilator  
  48  3:55  Pylon  
  48  3:56  Probe  
  48  3:59  Probe  
  50  4:08  Probe  
  51  4:11  Probe  
  51  4:15  Oracle (Chrono Boost)  
  55  4:20  Probe  
  55  4:23  Probe  
  55  4:25  Oracle (Chrono Boost)  
  56  4:40  Adept  
  56  4:44  Gateway  
  58  4:45  Gateway  
  58  4:48  Gateway  
  55  5:00  Mothership Core  
  55  5:05  Phoenix (Chrono Boost)  
  60  5:08  Nexus  
  60  5:09  Adept  
  60  5:10  Probe, Pylon  
  58  5:21  Probe  
  58  5:22  Probe  
  58  5:27  Phoenix (Chrono Boost)  
  62  5:33  Probe  
  62  5:34  Probe, Twilight Council  
  64  5:37  Gateway  
  64  5:45  Probe  
  64  5:46  Probe  
  64  5:49  Pylon, Phoenix (Chrono Boost)  
  68  5:54  Pylon  
  68  5:57  Probe  
  68  5:58  Probe  
  68  5:59  Sentry  
  68  6:00  Sentry x2  
  76  6:10  Probe x2  
  78  6:15  Robotics Facility  
  78  6:17  Gateway  
  78  6:20  Phoenix (Chrono Boost)  
  78  6:22  Probe x2  
  78  6:23  Probe  
  83  6:26  Phoenix (Chrono Boost)  
  85  6:34  Probe  
  85  6:36  Gateway  
  85  6:37  Gateway  
  85  6:38  Gateway  
  85  6:39  Probe  
  87  6:40  Phoenix (Chrono Boost)  
  87  6:42  Resonating Glaives (Chrono Boost)  
  87  6:44  Probe  
  90  6:50  Forge  
  90  6:51  Probe  
  90  6:53  Probe  
  92  7:04  Pylon  
  92  7:05  Phoenix  
  90  7:09  Warp Prism (Chrono Boost)  
  90  7:13  Gateway  
  94  7:16  Gateway  
  94  7:21  Gateway  
  94  7:24  Adept x2  
  98  7:34  Pylon  
  98  7:36  Pylon, Protoss Ground Armor Level 1 (Chrono Boost)  
  98  7:40  Gateway  
  98  7:43  Gateway, Adept x4  
  106  7:46  Gateway  
  106  7:49  Adept x2  
  106  7:51  Observer  
  111  8:06  Adept x3  
  111  8:07  Adept x3  
  123  8:18  Immortal  
  123  8:20  Blink (Chrono Boost)  
  123  8:22  Assimilator  
  123  8:25  Probe  
  128  8:27  Assimilator  
  128  8:31  Pylon  
  128  8:39  Pylon  
  128  8:40  Pylon  
  128  8:42  Pylon  
  128  8:52  Immortal  
  128  9:02  Stalker, Nexus  
  132  9:03  Stalker x5  
  132  9:05  Pylon  
  132  9:07  Assimilator  
  144  9:12  Assimilator  
  144  9:26  Immortal  
  144  9:27  Fleet Beacon  
  144  9:29  Stalker  
  144  9:30  Stalker x2  
  154  9:47  Stalker x2  
  154  9:48  Stalker x2  
  160  9:54  Stalker x2  
  162  10:00  Immortal  
  151  10:08  Adept x4  
  151  10:09  Adept x4  
  141  10:20  Stalker  
  141  10:21  Stalker  
  125  10:22  Stalker x2  
  115  10:34  Stalker x2  
  107  10:38  Stalker x3  
  106  10:45  Adept x2  
  106  10:47  Adept  

Tags
 
Add a new tag
Caveats
  • Supply blocks, unpowered buildings, or Contaminate may cause inaccurate times.
  • Supply counts are checked every 10 seconds.